 Dungeon Crawl Stone Soup version 0.20.1-1-g8b1a95d (webtiles) character file.

893 polve the Transmogrifier (level 7, -9/52 HPs)
             Began as a Red Draconian Transmuter on July 3, 2017.
             Was a Follower of Okawaru.
             Mangled by Menkaure (15 damage)
             ... on level 6 of the Dungeon.
             The game lasted 00:07:25 (7018 turns).

polve the Transmogrifier (Red Draconian Transmuter) Turns: 7018, Time: 00:07:26

Health: -9/52      AC:  6    Str: 12    XL:     7   Next: 78%
Magic:  10/11      EV: 12    Int: 15    God:    Okawaru [*.....]
Gold:   199        SH:  0    Dex: 12    Spells: 4/10 levels left

rFire    + . .     SeeInvis .     - Unarmed
rCold    . . .     Gourm    .   (no shield)
rNeg     . . .     Faith    .   (armour unavailable)
rPois    .         Spirit   .   (helmet restricted)
rElec    .         Reflect  .   (no cloak)
rCorr    .         Harm     .   (no gloves)
MR       .....                  (boots currently unavailable)
Stlth    +.........             (no amulet)
Regen    0.2/turn               (no ring)
MPRegen  0.2/turn               (no ring)

@: short of breath, appendage
A: breathe fire, unfitting armour, talons 3, blurry vision 1, fire resistance 1,
high mp 1, cold-blooded, AC +6
a: Breathe Fire, End Transformation, Heroism, Renounce Religion


You were on level 6 of the Dungeon.
You worshipped Okawaru.
Okawaru was aware of your devotion.
You were not hungry.
You had grown temporary talons.
You visited 1 branch of the dungeon, and saw 7 of its levels.

You collected 199 gold pieces.

Inventory:

Missiles
 a - 49 arrows (quivered)
Armour
 q - a scarf of cloud immunity
Jewellery
 s - an uncursed ring of stealth {unknown}
Scrolls
 d - 4 scrolls of remove curse {unknown}
 e - a scroll of vulnerability {unknown}
 h - 5 scrolls of identify {unknown}
 j - a scroll of enchant armour {unknown}
 k - a scroll of immolation {unknown}
 l - a scroll of recharging {unknown}
 p - 2 scrolls of fog {unknown}
 t - a scroll of amnesia {unknown}
Books
 b - a book of Changes

   Spells                             Type                      Level
   a - Beastly Appendage              Transmutation                1
   b - Sticks to Snakes               Transmutation                2
   c - Spider Form                    Transmutation/Poison         3
   d - Ice Form                       Ice/Transmutation            4
   e - Blade Hands                    Transmutation                5
 o - a book of Misfortune

   Spells                             Type                      Level
   a - Confusing Touch                Hexes                        1
   b - Confuse                        Hexes                        3
   c - Gell's Gravitas                Translocation                3
   d - Petrify                        Transmutation/Earth          4
   e - Metabolic Englaciation         Hexes/Ice                    5
   f - Yara's Violent Unravelling     Hexes/Transmutation          5
Comestibles
 c - 3 bread rations
 g - a meat ration


   Skills:
 - Level 1.1 Fighting
 - Level 1.7 Dodging
 - Level 3.0 Unarmed Combat
 - Level 2.0 Spellcasting
 + Level 9.1 Transmutations


You had 4 spell levels left.
You knew the following spells:

 Your Spells              Type           Power        Failure   Level  Hunger
a - Beastly Appendage     Tmut           ####..       1%          1    #......
b - Sticks to Snakes      Tmut           ####....     1%          2    ###....
c - Spider Form           Tmut/Pois      ###.......   10%         3    ###....


Dungeon Overview and Level Annotations

Branches:
Dungeon (7/15)             Temple (0/1) D:6

Altars:
Okawaru
Trog

Shops:
D:4 :

Annotations:
D:6 Menkaure


Innate Abilities, Weirdness & Mutations

You can breathe blasts of fire.
Your fiery red scales are hard. (AC +6)
You cannot fit into any form of body armour.
Your flesh is heat resistant. (rF+)
You are cold-blooded and may be slowed by cold attacks.
You have claws for feet.
Scrolls take you a little longer to read.
You have an increased reservoir of magic. (+10% MP)


Message History

The bullfrog closely misses you. The bullfrog barely misses you.
You closely miss the bullfrog. Your kick misses the bullfrog.
The bullfrog is heavily wounded.
The bullfrog completely misses you.
Press: ? - help, Shift-Dir - straight line, f - Menkaure
Aim: Menkaure (fast)
You breathe a blast of fire.
The fiery breath misses Menkaure.
You feel somewhat more hungry. The bullfrog barely misses you.
Menkaure closely misses you. The bullfrog misses you.
You hit the bullfrog.
The bullfrog is severely wounded.
Menkaure hits you!
* * * LOW HITPOINT WARNING * * *
The bullfrog hits you.
* * * LOW HITPOINT WARNING * * *
You aren't carrying any potions.
You hit the bullfrog.
The bullfrog is severely wounded.
The bullfrog closely misses you. Menkaure hits you!
You die...

≈≈≈≈≈≈...≈≈≈≈≈≈. .......#
##
≈≈≈≈≈≈.>.≈≈≈≈≈≈.+#.$....+
≈≈≈≈≈≈...≈≈≈≈≈≈..#.....(#
≈≈≈≈≈≈≈≈≈≈≈§§≈≈..#......#
.≈≈≈≈≈≈≈≈≈≈≈§≈...#......#
...≈≈≈≈≈≈≈≈≈.....#......#
.....≈≈≈≈≈.......'...M..#
...............MF#......#
................@###+#....
.#.....#...+.........+ ...
.#.....#.............# ..
.#.....#....#........# .
.+.....#.............#
.#.....#...##...######
.#.....#...##...##.####
.#.....#...+........... .#
+...#...........


You could see Menkaure and a bullfrog.

Vanquished Creatures
  A sky beast (D:6)
  2 black bears (D:6)
  A big kobold (D:6)
  3 bullfrogs
  A scorpion (D:4)
  2 crimson imps
  An orc priest (D:4)
  A hound (D:5)
  An iguana (D:7)
  3 adders
  A shadow imp (D:7)
  6 worms
  5 dart slugs
  6 leopard geckos
  11 orcs
  A ball python (D:1)
  7 bats
  6 giant cockroaches
  7 hobgoblins
  3 jackals (D:2)
  2 quokkas
  2 frilled lizards (D:3)
  10 goblins
  3 kobolds
  A quokka zombie (D:4)
  12 rats
99 creatures vanquished.

Notes
Turn   | Place    | Note
-------+----------+-------------------------------------------
     0 | D:1      | polve the Draconian Transmuter began the quest for the Orb.
     0 | D:1      | Reached XP level 1. HP: 16/16 MP: 3/3
   164 | D:1      | Reached XP level 2. HP: 11/23 MP: 5/5
   369 | D:1      | Learned a level 2 spell: Sticks to Snakes
   461 | D:1      | Reached skill level 3 in Transmutations
  1043 | D:2      | Reached XP level 3. HP: 25/28 MP: 4/6
  1172 | D:2      | Found an iron altar of Okawaru.
  1205 | D:2      | Became a worshipper of Warmaster Okawaru
  1921 | D:2      | Reached skill level 4 in Transmutations
  1932 | D:2      | Learned a level 3 spell: Spider Form
  2297 | D:2      | Found a faded altar of an unknown god.
  2803 | D:2      | Reached XP level 4. HP: 34/35 MP: 7/7
  4373 | D:3      | Reached skill level 5 in Transmutations
  4824 | D:4      | Reached XP level 5. HP: 37/40 MP: 3/8
  5415 | D:4      | Found Echuedwu's Book Shoppe.
  5725 | D:5      | Entered Level 5 of the Dungeon
  5732 | D:5      | Reached skill level 6 in Transmutations
  5841 | D:5      | You fall through a shaft for 2 floors!
  5863 | D:7      | Reached XP level 6. HP: 32/47 MP: 5/9
  5929 | D:7      | HP: 2/47 [shadow imp/nerve-wracking pain (13)]
  5960 | D:7      | Gained mutation: Scrolls take you a little longer to read. [potion of mutation]
  5960 | D:7      | Gained mutation: You have an increased reservoir of magic. (+10% MP) [potion of mutation]
  5967 | D:7      | Reached skill level 7 in Transmutations
  6388 | D:6      | Your scales start taking on a fiery red colour.
  6388 | D:6      | Reached XP level 7. HP: 38/52 MP: 7/11
  6388 | D:6      | Gained mutation: Your flesh is heat resistant. (rF+) [Red Draconian growth]
  6519 | D:6      | Reached skill level 8 in Transmutations
  6579 | D:6      | Reached * piety under Okawaru
  6669 | D:6      | Found a bloodstained altar of Trog.
  6679 | D:6      | Reached skill level 9 in Transmutations
  6740 | D:6      | Found a staircase to the Ecumenical Temple.
  7005 | D:6      | Noticed Menkaure
  7018 | D:6      | Mangled by Menkaure

Skill      XL: |  1  2  3  4  5  6  7 |
---------------+----------------------+-----
Transmutations | 3 4 5 6 7 9 |  9.1
Fighting       | |  1.1
Dodging        | |  1.7
Unarmed Combat | |  3.0
Spellcasting   | |  2.0

Action                   |  1- 3 |  4- 6 |  7- 9 || total
-------------------------+-------+-------+-------++-------
Melee: Unarmed           |   213 |   218 |   126 ||   557
       Tailslap          |    28 |    15 |    13 ||    56
       Headbutt          |     8 |     5 |     2 ||    15
       Kick              |     3 |     2 |     9 ||    14
       Punch             |     1 |     2 |     2 ||     5
 Cast: Beastly Appendage |    13 |     8 |     5 ||    26
       Sticks to Snakes  |     3 |       |       ||     3
       Spider Form       |       |    10 |       ||    10
 Abil: Breathe Fire      |       |       |     3 ||     3
  Use: Potion            |       |     5 |       ||     5
 Stab: Sleeping          |     2 |     2 |       ||     4
  Eat: Chunk             |     7 |    12 |     3 ||    22
Armor: Skin              |    40 |    43 |    34 ||   117
Dodge: Dodged            |   121 |   129 |    74 ||   324
